[Event "Titled Tuesday Blitz February 15 Early 2022"]
[White "Eynullayev, Atilla"]
[Black "Necula, Iulian"]
[WhiteFideId "13413570"]
[BlackFideId "1232380"]
[WhiteElo "1979"]
[BlackElo "1776"]
[Result "1-0"]
[Round "02"]
[TimeControl "180+1"]
[Date "2022.02.15"]
[WhiteClock "0:00:48"]
[BlackClock "0:00:01"]

1. Nf3 d6 2. g3 f5 3. Bg2 Nf6 4. O-O g6 5. b3 Bg7 6. Bb2 O-O 7. c4 e5 8. d3 c6 9. Nbd2 h6 10. b4 a6 11. a4 Be6 12. Qc2 Nbd7 13. Rfc1 Rc8 14. Qb1 Qe7 15. Bc3 Rfe8 16. b5 Rb8 17. Rc2 d5 18. Nxe5 Nxe5 19. Bxe5 Rbc8 20. bxa6 bxa6 21. Qb2 dxc4 22. Nxc4 Bxc4 23. Bd4 Bd5 24. Bf1 Ng4 25. Rac1 Bxd4 26. Qxd4 Qe5 27. Qxe5 Nxe5 28. Bg2 Bxg2 29. Kxg2 Kg7 30. Rc5 1-0


[Site "https://www.chess.com"]

[Event "Titled Tuesday Blitz February 15 Early 2022"]
[White "Ezat, Mohamed"]
[Black "Sahil, Tickoo"]
[WhiteFideId "10600906"]
[BlackFideId "5019710"]
[WhiteElo "2386"]
[BlackElo "2099"]
[Result "1-0"]
[Round "02"]
[TimeControl "180+1"]
[Date "2022.02.15"]
[WhiteClock "0:01:13"]
[BlackClock "0:00:01"]

1. d4 d5 2. c4 e6 3. Nc3 c6 4. e4 dxe4 5. Nxe4 Nf6 6. Nxf6+ Qxf6 7. Nf3 Bb4+ 8. Bd2 Bxd2+ 9. Qxd2 O-O 10. Bd3 b6 11. O-O-O Bb7 12. Ng5 g6 13. h4 h6 14. Ne4 Qg7 15. h5 g5 16. f4 f6 17. fxg5 hxg5 18. h6 Qe7 19. Rdf1 Nd7 20. Rh5 Kh8 21. h7 c5 22. Rh6 Bxe4 23. Bxe4 e5 24. Bxa8 Rxa8 25. dxe5 Nxe5 26. Rhxf6 Rd8 27. Qxg5 Nd3+ 28. Kb1 Qe4 29. Rf8+ 1-0


[Site "https://www.chess.com"]

[Event "Titled Tuesday Blitz February 15 Early 2022"]
[White "FGHSMN"]
[Black "Xie, Bryan"]
[BlackFideId "30941296"]
[WhiteElo "2723"]
[BlackElo "1899"]
[Result "1/2-1/2"]
[Round "02"]
[TimeControl "180+1"]
[Date "2022.02.15"]
[WhiteClock "0:00:12"]
[BlackClock "0:00:07"]

1. e4 c5 2. Nf3 e6 3. d4 cxd4 4. Nxd4 Nc6 5. Nc3 Qc7 6. f4 Bb4 7. Nb5 Qb8 8. a3 Bc5 9. e5 a6 10. Nd6+ Bxd6 11. Qxd6 Qxd6 12. exd6 Nf6 13. Be3 b5 14. O-O-O Bb7 15. Be2 Rc8 16. g4 Na5 17. Rhe1 Nc4 18. Bd4 O-O 19. f5 Nd5 20. Nxd5 Bxd5 21. Bxc4 Rxc4 22. c3 Bf3 23. Rd2 Bxg4 24. Rg1 e5 25. Rxg4 exd4 26. Rdxd4 Rxd4 27. Rxd4 Re8 28. a4 Re5 29. axb5 axb5 30. f6 gxf6 31. Kc2 f5 32. Kb3 f6 33. Kb4 Re4 34. Kxb5 Rxd4 35. cxd4 Kf7 36. Kc5 Ke6 37. d5+ Ke5 38. b4 f4 39. Kc4 f3 40. Kd3 Kxd5 41. Ke3 Kxd6 42. Kxf3 Kc6 43. Ke4 Kb5 44. Kf5 Kxb4 45. Kxf6 d5 46. Ke5 Kc4 47. Kf4 d4 48. Kf3 Kc3 49. Ke2 d3+ 50. Kd1 Kc4 51. Kd2 Kd4 52. h3 h5 53. h4 Ke4 54. Kd1 Ke3 55. Ke1 Kf3 56. Kd2 Kg3 57. Kxd3 Kxh4 58. Ke2 Kg3 59. Kf1 Kh2 60. Kf2 h4 61. Kf1 Kh1 62. Kf2 h3 63. Kf1 Kh2 64. Kf2 Kh1 65. Kf1 Kh2 66. Kf2 Kh1 1/2-1/2


[Site "https://www.chess.com"]

[Event "Titled Tuesday Blitz February 15 Early 2022"]
[White "Fajdetic, Hrvoje"]
[Black "Nilsen, Tobias Lang"]
[WhiteFideId "14501945"]
[BlackFideId "1521624"]
[WhiteElo "2140"]
[BlackElo "2013"]
[Result "1-0"]
[Round "02"]
[TimeControl "180+1"]
[Date "2022.02.15"]
[WhiteClock "0:00:04"]
[BlackClock "0:00:15"]

1. d4 f5 2. Bg5 d5 3. e3 c6 4. c4 Nd7 5. Qh5+ g6 6. Qf3 Ngf6 7. Nc3 e6 8. h4 h6 9. Bf4 Ne4 10. Nxe4 dxe4 11. Qg3 Bb4+ 12. Kd1 Kf7 13. Nh3 Be7 14. f3 c5 15. Bc7 Qe8 16. Nf4 Nf8 17. d5 Bf6 18. fxe4 fxe4 19. Be2 Qa4+ 20. Ke1 Bxb2 21. Rb1 Bc3+ 22. Kf2 Rg8 23. Rhf1 Ke8 24. dxe6 Nxe6 25. Nxe6 Bxe6 26. Be5 Qc6 27. Kg1 Bxe5 28. Qxe5 Kd7 29. Rfd1+ Kc8 30. Rd6 Qc7 31. Qxe6+ Kb8 32. Rd7 Qc8 33. Qd6+ 1-0


[Site "https://www.chess.com"]

[Event "Titled Tuesday Blitz February 15 Early 2022"]
[White "Fedoseev, Vladimir"]
[Black "Cherniaiev, Tykhon"]
[WhiteFideId "24130737"]
[BlackFideId "14182360"]
[WhiteElo "2726"]
[BlackElo "2289"]
[Result "1-0"]
[Round "02"]
[TimeControl "180+1"]
[Date "2022.02.15"]
[WhiteClock "0:00:14"]
[BlackClock "0:00:31"]

1. e4 c5 2. Nf3 e6 3. b3 d5 4. Bb5+ Bd7 5. Bxd7+ Qxd7 6. exd5 exd5 7. O-O Nf6 8. Bb2 Be7 9. d4 cxd4 10. Bxd4 O-O 11. Nc3 Rd8 12. Ne5 Qf5 13. Re1 Bd6 14. Nb5 Nc6 15. Nxd6 Rxd6 16. Bb2 Rc8 17. Nc4 Rdd8 18. Ne3 Qg6 19. Bxf6 Qxf6 20. Nxd5 Qb2 21. c4 Re8 22. Qg4 Ne5 23. Qg3 Kh8 24. h4 f6 25. h5 Qd2 26. Re3 Nf7 27. Ne7 Rcd8 28. Rae1 Ng5 29. Ng6+ hxg6 30. Rxe8+ Rxe8 31. Rxe8+ Kh7 32. hxg6+ Kxg6 33. f4 Qd4+ 34. Re3 Qd1+ 35. Re1 Qd4+ 36. Kh1 Qd2 37. fxg5 fxg5 38. Rf1 Qxa2 39. Qd3+ Kh6 40. Rf3 Qa1+ 41. Kh2 Qe5+ 42. g3 Qb2+ 43. Kg1 Qa1+ 44. Rf1 Qe5 45. Rf2 a5 46. Rh2# 1-0


[Site "https://www.chess.com"]

[Event "Titled Tuesday Blitz February 15 Early 2022"]
[White "Fiorito, Fabian"]
[Black "Deepan Chakkravarthy J."]
[WhiteFideId "100200"]
[BlackFideId "5011132"]
[WhiteElo "2395"]
[BlackElo "2490"]
[Result "1/2-1/2"]
[Round "02"]
[TimeControl "180+1"]
[Date "2022.02.15"]
[WhiteClock "0:00:29"]
[BlackClock "0:00:23"]

1. d4 d5 2. Nc3 Bf5 3. Bf4 Nd7 4. Nxd5 Rc8 5. Nc3 Ngf6 6. f3 e6 7. e4 Bg6 8. a3 a6 9. Qd2 c5 10. d5 e5 11. Bg5 Bd6 12. a4 O-O 13. g4 h6 14. Be3 c4 15. h4 Qa5 16. h5 Bh7 17. g5 hxg5 18. Bxg5 Bb4 19. Nge2 Ne8 20. Bh3 f5 21. Rg1 Kh8 22. Bh4 Qb6 23. O-O-O Nc5 24. d6 Nd7 25. Kb1 Qa5 26. Be7 Rf7 27. Qd5 Qxd5 28. Rxd5 Rc6 29. Rgd1 Nef6 30. Bxf6 Rxf6 31. exf5 Rfxd6 32. Ne4 Rxd5 33. Rxd5 Nf6 34. Rxe5 Nxh5 35. Re8+ Bg8 36. Nd4 Rc7 37. Ne6 Re7 38. Rc8 b5 39. axb5 axb5 40. Bg4 Nf6 41. Nxf6 gxf6 42. Rb8 Bd6 43. Rxb5 Kh7 44. Rd5 Be5 45. f4 Bxe6 46. fxe6 Bxf4 47. Rd4 Be5 48. Rxc4 Kg6 49. b4 f5 50. Rc5 Kf6 51. Be2 Rxe6 52. b5 Bd4 53. Rc6 Rxc6 54. bxc6 Be5 55. c4 Ke7 56. Kc2 Kd8 57. Bf3 Kc7 58. Kb3 Bf4 59. Ka4 Bg3 60. Kb5 Bh2 61. Kc5 Bg1+ 62. Kd5 Bh2 63. Ke6 Bg1 64. Kd5 Bh2 65. Ke6 Bg1 66. Kd5 1/2-1/2


[Site "https://www.chess.com"]

[Event "Titled Tuesday Blitz February 15 Early 2022"]
[White "Firat, Burak"]
[Black "Garagulya, Konstantin"]
[WhiteFideId "6305881"]
[BlackFideId "4128931"]
[WhiteElo "2419"]
[BlackElo "2329"]
[Result "0-1"]
[Round "02"]
[TimeControl "180+1"]
[Date "2022.02.15"]
[WhiteClock "0:00:42"]
[BlackClock "0:00:11"]

1. Nf3 Nf6 2. c4 e6 3. Nc3 d5 4. d4 Be7 5. g3 Nbd7 6. Bg2 dxc4 7. O-O a6 8. a4 Rb8 9. a5 b5 10. axb6 cxb6 11. Bf4 b5 12. Bxb8 Nxb8 13. e4 Bb7 14. d5 exd5 15. e5 Ne4 16. Nd4 O-O 17. Nf5 Bc5 18. Nxe4 dxe4 19. Qg4 g6 20. Rad1 Qc8 21. Nd6 Qxg4 22. Nxb7 Be7 23. Nd6 Bxd6 24. Rxd6 Nd7 25. e6 Nf6 26. exf7+ Kxf7 27. Rxa6 Re8 28. Re1 Re7 29. Rb6 Qf5 30. h3 h5 31. Ra6 Qc5 32. Rf1 b4 33. Kh2 c3 34. bxc3 bxc3 35. Ra2 Rc7 36. Rc1 e3 37. fxe3 Qxe3 38. Rac2 Kg7 39. Rf1 Qe5 40. Rf3 h4 41. Rd3 hxg3+ 42. Kg1 Qe1+ 43. Bf1 Nh5 44. Re2 Qxe2 45. Bxe2 c2 46. Rd1 cxd1=Q+ 47. Bxd1 Rc1 48. Kg2 Rxd1 49. Kf3 Rf1+ 50. Kg2 Rf2+ 51. Kg1 Ra2 52. h4 Kf6 53. Kf1 Kf5 54. Kg1 Kg4 55. Kf1 Kf3 56. Ke1 Re2+ 57. Kd1 g2 58. Kc1 g1=Q# 0-1


[Site "https://www.chess.com"]

[Event "Titled Tuesday Blitz February 15 Early 2022"]
[White "Gabdrakhmanov, Azat"]
[Black "Erigaisi Arjun"]
[WhiteFideId "34189197"]
[BlackFideId "35009192"]
[WhiteElo "2279"]
[BlackElo "2745"]
[Result "0-1"]
[Round "02"]
[TimeControl "180+1"]
[Date "2022.02.15"]
[WhiteClock "0:00:11"]
[BlackClock "0:00:31"]

1. e4 e6 2. d4 d5 3. e5 c5 4. c3 Nc6 5. Nf3 Qb6 6. a3 c4 7. Nbd2 Na5 8. g3 Bd7 9. Bg2 Ne7 10. O-O Qc7 11. Re1 Nc8 12. Nf1 Nb6 13. Qe2 Ba4 14. h4 Nb3 15. Rb1 Nxc1 16. Rbxc1 Be7 17. h5 h6 18. Ne3 O-O-O 19. Nd2 Kb8 20. Rb1 Rdf8 21. b3 cxb3 22. Nxb3 Bxa3 23. Qa2 Be7 24. c4 dxc4 25. Na5 Bb3 26. Nxb3 cxb3 27. Qxb3 Rc8 28. d5 exd5 29. Nxd5 Qd8 30. Red1 Bc5 31. Nxb6 Qxb6 32. Qf3 Bb4 33. Qe4 a5 34. Rd6 Qb5 35. Rd5 Qc6 36. Rxb4 axb4 37. Qxb4 Qc4 38. Qd6+ Qc7 39. Qb4 Qc4 40. Qd6+ Rc7 41. Rd1 Qe6 42. Qa3 Qa6 43. Qb2 Rhc8 44. Ra1 Qxa1+ 45. Qxa1 Rc1+ 46. Qxc1 Rxc1+ 47. Kh2 b5 48. Bd5 Rc5 49. Bxf7 Rxe5 50. f4 Re7 51. Bg8 b4 52. Kh3 Re3 53. Kg4 b3 54. Kf5 b2 55. Ba2 Rxg3 0-1


[Site "https://www.chess.com"]

[Event "Titled Tuesday Blitz February 15 Early 2022"]
[White "Galchenko, Matvey"]
[Black "Agibileg, Uurtsaikh"]
[WhiteFideId "24175480"]
[BlackFideId "4901606"]
[WhiteElo "2453"]
[BlackElo "2205"]
[Result "0-1"]
[Round "02"]
[TimeControl "180+1"]
[Date "2022.02.15"]
[WhiteClock "0:00:02"]
[BlackClock "0:01:31"]

1. c4 Nf6 2. g3 g6 3. Bg2 Bg7 4. Nc3 O-O 5. e4 c5 6. Nge2 Nc6 7. d3 d6 8. O-O Rb8 9. Be3 Ng4 10. Bf4 Nge5 11. h3 Nd4 12. Rb1 Nef3+ 13. Kh1 a6 14. b4 cxb4 15. Rxb4 Qa5 16. Qb1 Qh5 17. Ng1 Nxg1 18. Kxg1 Bxh3 19. Bxh3 Qxh3 20. Qd1 f5 21. Nd5 fxe4 22. dxe4 e5 23. Ne7+ Kh8 0-1


[Site "https://www.chess.com"]

[Event "Titled Tuesday Blitz February 15 Early 2022"]
[White "Galyas, Miklos"]
[Black "Mejia, Cherry Ann"]
[WhiteFideId "707244"]
[BlackFideId "5206880"]
[WhiteElo "2409"]
[BlackElo "2007"]
[Result "0-1"]
[Round "02"]
[TimeControl "180+1"]
[Date "2022.02.15"]
[WhiteClock "0:00:55"]
[BlackClock "0:00:11"]

1. c4 e5 2. Nc3 Nc6 3. g3 g6 4. Bg2 d6 5. e4 Be6 6. d3 Qd7 7. Nge2 h6 8. Nd5 Nd8 9. d4 c6 10. Ne3 Bh3 11. O-O h5 12. dxe5 dxe5 13. Qxd7+ Bxd7 14. b3 Bg7 15. Bb2 Ne6 16. f4 exf4 17. Bxg7 Nxg7 18. gxf4 Nf6 19. e5 Ng4 20. Nxg4 hxg4 21. Nc3 Nf5 22. Ne4 O-O-O 23. Rad1 Rh4 24. Nf6 Ne3 25. Be4 Nxf1 26. Rxf1 Bf5 27. Rf2 Rd4 28. Re2 Rh3 29. Bg2 Rd1+ 30. Kf2 Rxh2 31. Kg3 Rh8 32. b4 Rd3+ 33. Kf2 g3+ 34. Ke1 Rhd8 35. Rb2 Re3+ 36. Re2 Rc3 37. Rb2 Rxc4 38. b5 cxb5 39. Rxb5 b6 40. Bd5 Rc5 41. Rxc5+ bxc5 42. Bxf7 g2 43. Kf2 Rd2+ 44. Kg1 Bh3 45. Bb3 Rb2 46. Kh2 Rb1 47. Kxh3 g1=Q 48. Be6+ Kb7 49. Bd5+ Kb6 0-1


[Site "https://www.chess.com"]

[Event "Titled Tuesday Blitz February 15 Early 2022"]
[White "Gant, Chris J"]
[Black "Terry, Renato"]
[WhiteFideId "403946"]
[BlackFideId "3803457"]
[WhiteElo "2190"]
[BlackElo "2577"]
[Result "0-1"]
[Round "02"]
[TimeControl "180+1"]
[Date "2022.02.15"]
[WhiteClock "0:02:20"]
[BlackClock "0:02:42"]

1. d4 e6 2. e4 d5 3. e5 c5 4. Qg4 Nc6 5. Nf3 cxd4 6. Bd3 h5 7. Qg3 h4 8. Qg4 Nh6 9. Bxh6 Rxh6 10. O-O f5 11. exf6 Qxf6 12. Re1 e5 0-1


[Site "https://www.chess.com"]

[Event "Titled Tuesday Blitz February 15 Early 2022"]
[White "Garriga Cazorla, Pere"]
[Black "Stanisz, Patryk"]
[WhiteFideId "32011601"]
[BlackFideId "1123106"]
[WhiteElo "2458"]
[BlackElo "1876"]
[Result "1-0"]
[Round "02"]
[TimeControl "180+1"]
[Date "2022.02.15"]
[WhiteClock "0:00:53"]
[BlackClock "0:00:02"]

1. d4 d5 2. c4 c6 3. Nf3 Nf6 4. Nc3 e6 5. e3 Nbd7 6. Qc2 Bd6 7. Bd3 O-O 8. O-O h6 9. e4 dxe4 10. Nxe4 Nxe4 11. Bxe4 e5 12. c5 Bc7 13. dxe5 Nxe5 14. Nxe5 Bxe5 15. Re1 Qf6 16. Rb1 Be6 17. b4 a6 18. Be3 Rfd8 19. a4 Bd5 20. Bxd5 Rxd5 21. b5 axb5 22. axb5 Qh4 23. g3 Qh3 24. Qe4 Bc3 25. Rec1 Bd2 26. Bxd2 Rxd2 27. bxc6 bxc6 28. Qxc6 Raa2 29. Rb8+ Kh7 30. Qe4+ g6 31. Qe5 g5 32. Qf6 Qxh2+ 33. Kxh2 Rxf2+ 34. Qxf2 Rxf2+ 35. Kg1 Rc2 36. Rxc2 1-0


[Site "https://www.chess.com"]

[Event "Titled Tuesday Blitz February 15 Early 2022"]
[White "Gatterer, Florian"]
[Black "Pert, Nicholas"]
[WhiteFideId "811688"]
[BlackFideId "403989"]
[WhiteElo "2218"]
[BlackElo "2536"]
[Result "1/2-1/2"]
[Round "02"]
[TimeControl "180+1"]
[Date "2022.02.15"]
[WhiteClock "0:00:11"]
[BlackClock "0:00:19"]

1. Nf3 Nf6 2. d4 d5 3. g3 Bf5 4. c4 e6 5. Nc3 c6 6. Nh4 Bg4 7. h3 Bh5 8. g4 Bg6 9. Nxg6 hxg6 10. Bg2 Nbd7 11. Qb3 Qb6 12. c5 Qc7 13. Qd1 e5 14. e3 Be7 15. O-O Rd8 16. b4 g5 17. f4 gxf4 18. exf4 e4 19. f5 b6 20. Bf4 Qb7 21. Qd2 Kf8 22. a4 Re8 23. a5 Kg8 24. a6 Qc8 25. Ne2 b5 26. Ng3 Nf8 27. g5 Nh5 28. Nxh5 Rxh5 29. Qe2 g6 30. f6 Bd8 31. Qg4 Ne6 32. Be3 Bc7 33. h4 Bb8 34. Bh3 Qc7 35. Rf2 Qg3+ 36. Qxg3 Bxg3 37. Bxe6 Bxf2+ 38. Bxf2 Rxe6 39. Bg3 Re8 40. Kf2 e3+ 41. Ke2 Rh8 42. Rf1 Kh7 43. Be5 Re6 44. Kxe3 Rhe8 45. Kf4 Kg8 46. Rh1 Rc8 47. h5 gxh5 48. Rxh5 Rce8 49. Kf5 1/2-1/2


[Site "https://www.chess.com"]

[Event "Titled Tuesday Blitz February 15 Early 2022"]
[White "Gelman, Alexander"]
[Black "Dauner, Benedikt"]
[WhiteFideId "4118316"]
[BlackFideId "16225899"]
[WhiteElo "2375"]
[BlackElo "2230"]
[Result "1-0"]
[Round "02"]
[TimeControl "180+1"]
[Date "2022.02.15"]
[WhiteClock "0:00:15"]
[BlackClock "0:00:02"]

1. d4 d5 2. Nc3 Nf6 3. Bf4 c5 4. e3 cxd4 5. exd4 a6 6. Nf3 Nc6 7. Ne5 Bf5 8. g4 Be6 9. Nxc6 bxc6 10. g5 Nd7 11. h4 Bf5 12. Bd3 Bxd3 13. Qxd3 e6 14. O-O-O Qa5 15. h5 Bb4 16. g6 fxg6 17. hxg6 Bxc3 18. bxc3 h6 19. Rde1 O-O 20. Bxh6 Qa3+ 21. Kd1 Rxf2 22. Bc1 Qd6 23. Qh3 Kf8 24. Rxe6 Qf4 25. Qh8# 1-0


[Site "https://www.chess.com"]

[Event "Titled Tuesday Blitz February 15 Early 2022"]
[White "Golsta, Madara"]
[Black "Urbina Perez, Juan Antonio"]
[WhiteFideId "11607386"]
[BlackFideId "2217368"]
[WhiteElo "1997"]
[BlackElo "2192"]
[Result "0-1"]
[Round "02"]
[TimeControl "180+1"]
[Date "2022.02.15"]
[WhiteClock "0:00:03"]
[BlackClock "0:00:35"]

1. e4 c5 2. Nf3 d6 3. d4 cxd4 4. Nxd4 Nf6 5. Nc3 a6 6. Bd3 g6 7. f3 Bg7 8. Bc4 b5 9. Bb3 Bb7 10. Bg5 Nc6 11. Nxc6 Bxc6 12. Qd2 b4 13. Ne2 a5 14. Nd4 Bd7 15. O-O-O a4 16. Bc4 b3 17. cxb3 axb3 18. Bxb3 O-O 19. Kb1 Qb6 20. h4 Rfb8 21. g4 Ba4 22. Rh2 Bxb3 23. Nxb3 Qa6 24. Nc1 Nxe4 25. fxe4 Rxb2+ 26. Qxb2 Bxb2 27. Rxb2 Qa4 28. Re1 Qa5 29. Ree2 Rc8 30. Bxe7 Rxc1+ 31. Kxc1 Qc7+ 32. Rbc2 Qxe7 33. h5 Qg5+ 34. Kb1 Qxg4 35. hxg6 hxg6 36. a4 Qg1+ 37. Kb2 Qd4+ 38. Ka3 Qd3+ 39. Ka2 Kg7 40. a5 Qb5 41. Rcd2 Qxa5+ 42. Kb1 f6 43. Kc1 g5 44. Kd1 Qa4+ 45. Ke1 Qb4 46. Kf1 Kg6 47. Rf2 Qb1+ 48. Kg2 Qxe4+ 49. Kg3 d5 50. Rde2 Qh4+ 51. Kg2 d4 52. Rd2 Qg4+ 53. Kf1 Qe4 54. Rfe2 Qf3+ 55. Rf2 Qh1+ 56. Ke2 Qe4+ 57. Kf1 g4 58. Rde2 Qh1# 0-1


[Site "https://www.chess.com"]

[Event "Titled Tuesday Blitz February 15 Early 2022"]
[White "Goltsev, Dmitry"]
[Black "Johnson, Ben"]
[WhiteFideId "24176710"]
[BlackFideId "2010917"]
[WhiteElo "2273"]
[BlackElo "2200"]
[Result "1-0"]
[Round "02"]
[TimeControl "180+1"]
[Date "2022.02.15"]
[WhiteClock "0:00:08"]
[BlackClock "0:00:15"]

1. e4 c5 2. Nf3 Nc6 3. d4 cxd4 4. Nxd4 Nf6 5. Nc3 e5 6. Ndb5 d6 7. Nd5 Nxd5 8. exd5 Nb8 9. c4 Be7 10. Be3 a6 11. Nc3 O-O 12. Bd3 f5 13. f3 Bh4+ 14. g3 Bg5 15. Qd2 Bxe3 16. Qxe3 Nd7 17. O-O a5 18. a3 Nc5 19. Bc2 a4 20. Rae1 b6 21. f4 e4 22. Nb5 Ba6 23. Nd4 Bxc4 24. Rf2 Bxd5 25. Rd1 Qd7 26. Ne2 Bb3 27. Nd4 Bxc2 28. Nxc2 Nd3 29. Rfd2 Qb5 30. Nd4 Qc5 31. Kg2 Rfe8 32. Re2 Rac8 33. h3 b5 34. g4 g6 35. Kh2 Rc7 36. Rg1 Rf8 37. gxf5 Rxf5 38. Nxf5 Qxf5 39. Qxe4 Qxf4+ 40. Qxf4 Nxf4 41. Rd2 d5 42. Rf1 g5 43. h4 h6 44. hxg5 hxg5 45. Kg3 Kg7 46. Kg4 Kg6 47. Re1 Rc4 48. Kg3 d4 49. Re5 d3 50. Rxb5 Rc2 51. Rd1 d2 52. Kf3 Nd3 53. Ke3 Nxb2 54. Rxd2 Nc4+ 55. Kd3 Rxd2+ 56. Kxc4 Rf2 57. Rb8 g4 58. Kb4 Kf5 59. Rf8+ Ke4 60. Rxf2 g3 61. Rf8 g2 62. Rg8 Kf3 63. Kxa4 Kf2 64. Kb4 g1=Q 65. Rxg1 Kxg1 66. a4 Kf2 67. a5 1-0


[Site "https://www.chess.com"]

[Event "Titled Tuesday Blitz February 15 Early 2022"]
[White "Gracia Alvarez, Gerardo Antonio"]
[Black "Bashirli, Saadat"]
[WhiteFideId "5109124"]
[BlackFideId "13429990"]
[WhiteElo "2139"]
[BlackElo "1173"]
[Result "1-0"]
[Round "02"]
[TimeControl "180+1"]
[Date "2022.02.15"]
[WhiteClock "0:00:03"]
[BlackClock "0:00:49"]

1. c4 e6 2. Nf3 d5 3. b3 dxc4 4. bxc4 Nf6 5. Bb2 Bd6 6. g3 O-O 7. Bg2 Nc6 8. d4 Be7 9. O-O Bd7 10. Nc3 Bb4 11. d5 exd5 12. cxd5 Ne7 13. Ne5 Bxc3 14. Bxc3 Bf5 15. Bb4 Re8 16. d6 cxd6 17. Qxd6 Qxd6 18. Bxd6 Ned5 19. Nf3 Rxe2 20. Nd4 Bd3 21. Rfd1 Rae8 22. Bxd5 Nxd5 23. Nxe2 Bc4 24. Nf4 Nb6 25. Bc7 Na4 26. Rd8 Rxd8 27. Bxd8 Kf8 28. Ba5 Ke7 29. Bb4+ Kd7 30. Rd1+ Kc7 31. Rc1 b5 32. Nd5+ Kc6 33. Nc3 Nb6 34. a4 a6 35. axb5+ axb5 36. Ne4 Nd7 37. Nd2 Ne5 38. Nxc4 Nxc4 39. Bc3 f6 40. Re1 Kc5 41. Re7 b4 42. Bxb4+ Kxb4 43. Rxg7 Kc5 44. Rxh7 Kd6 45. Kg2 Ke6 46. Rh4 Ne5 47. Ra4 Ng6 48. h4 Kf7 49. Ra7+ Kg8 50. h5 Ne5 51. h6 Nc6 52. Rc7 Ne5 53. Kh3 Kh8 54. Kh4 Ng6+ 55. Kh5 Nf8 56. Rc8 Kg8 57. h7+ Kxh7 58. Rxf8 Kg7 59. Rc8 f5 60. Rc7+ Kh8 61. Kg6 f4 62. Rc8# 1-0


[Site "https://www.chess.com"]

[Event "Titled Tuesday Blitz February 15 Early 2022"]
[White "Grineva, Marianna"]
[Black "Stromboli, Ettore"]
[WhiteFideId "14102013"]
[BlackFideId "813761"]
[WhiteElo "1954"]
[BlackElo "2414"]
[Result "0-1"]
[Round "02"]
[TimeControl "180+1"]
[Date "2022.02.15"]
[WhiteClock "0:00:05"]
[BlackClock "0:00:28"]

1. e4 e6 2. d4 d5 3. Nd2 c5 4. exd5 exd5 5. Ngf3 Nc6 6. Bb5 Bd6 7. O-O Ne7 8. dxc5 Bxc5 9. Nb3 Bd6 10. c3 O-O 11. Re1 Bg4 12. h3 Bh5 13. Be2 Re8 14. Be3 Nf5 15. Bc5 Bg6 16. Qd2 Bc7 17. Rad1 Nce7 18. Bb5 Rf8 19. Nh4 Nd6 20. Nxg6 hxg6 21. Bd3 Re8 22. Qg5 Nef5 23. Qg4 Qf6 24. Bb5 Nxb5 25. Rxe8+ Rxe8 26. a4 Nbd6 27. g3 Ne4 28. Rxd5 Nxf2 29. Bxf2 Bxg3 30. Bxg3 Ne3 31. Qf4 Nxd5 32. Qxf6 Nxf6 33. Nc5 Ne4 34. Nxe4 Rxe4 35. Kf2 Rxa4 36. Be5 Ra2 37. c4 a5 38. Bc3 a4 39. Ke3 a3 40. bxa3 Rxa3 41. Kd4 g5 42. c5 f5 43. Bd2 Rxh3 44. Bxg5 f4 45. Bxf4 Rh4 46. Ke5 Rxf4 47. Kxf4 Kf7 48. Kf5 Ke7 49. Ke5 Kd7 50. Kd5 g5 51. Ke4 Kc6 52. Kf5 Kxc5 53. Kxg5 b5 54. Kf4 Kc4 55. Ke3 Kc3 56. Ke2 Kc2 57. Ke3 b4 58. Kd4 b3 59. Kc4 b2 0-1


[Site "https://www.chess.com"]

[Event "Titled Tuesday Blitz February 15 Early 2022"]
[White "Grischuk, Alexander"]
[Black "Hamley, Ryan"]
[WhiteFideId "4126025"]
[BlackFideId "30959497"]
[WhiteElo "2762"]
[BlackElo "2392"]
[Result "1-0"]
[Round "02"]
[TimeControl "180+1"]
[Date "2022.02.15"]
[WhiteClock "0:01:11"]
[BlackClock "0:00:05"]

1. e4 e5 2. Nf3 Nc6 3. Bc4 Bc5 4. d3 Nf6 5. Bg5 d6 6. c3 O-O 7. Nbd2 a5 8. O-O Ba7 9. Kh1 Be6 10. Bxe6 fxe6 11. Qb3 Qd7 12. Nc4 Rab8 13. Qb5 Ng4 14. Bh4 Qe8 15. Bg3 Qh5 16. Ncd2 Bc5 17. d4 Bb6 18. Rae1 Rf6 19. h3 Rbf8 20. Kg1 Nh6 21. dxe5 Nxe5 22. Nxe5 dxe5 23. Qe2 Qg6 24. Kh2 Nf7 25. Nc4 Bc5 26. Qg4 Qxg4 27. hxg4 b6 28. Kg1 g6 29. Re2 h5 30. Nxe5 Nxe5 31. Bxe5 R6f7 32. gxh5 gxh5 33. g3 Rd7 34. Kg2 Rfd8 35. Bf4 Kf7 36. Rc1 Rd1 37. Rxd1 Rxd1 38. Rd2 Ra1 39. a3 Ke8 40. Bxc7 a4 41. Bd6 Rb1 42. Bxc5 bxc5 43. Kf3 Ke7 44. Ke3 Kf6 45. Kd3 Ke5 46. f4+ Kf6 47. Kc4 Rg1 48. Rh2 Rxg3 49. Rxh5 Rf3 50. f5 Ke5 51. fxe6+ Kxe6 52. Rxc5 Rf2 53. Rb5 1-0


[Site "https://www.chess.com"]

[Event "Titled Tuesday Blitz February 15 Early 2022"]
[White "Gubanov, Oleg"]
[Black "Corrales Jimenez, Fidel"]
[WhiteFideId "14115115"]
[BlackFideId "3506690"]
[WhiteElo "2080"]
[BlackElo "2541"]
[Result "0-1"]
[Round "02"]
[TimeControl "180+1"]
[Date "2022.02.15"]
[WhiteClock "0:00:04"]
[BlackClock "0:00:14"]

1. e4 c6 2. d4 d5 3. e5 c5 4. Nc3 Nc6 5. dxc5 e6 6. Bb5 Bxc5 7. Qg4 Kf8 8. Nf3 Nge7 9. O-O Ng6 10. Be3 Bxe3 11. fxe3 Ncxe5 12. Nxe5 Nxe5 13. Qf4 Qc7 14. e4 a6 15. exd5 axb5 16. d6 Qxd6 17. Rae1 g5 18. Qxe5 Qxe5 19. Rxe5 b4 20. Ne4 Ke7 21. Rb5 Rxa2 22. Rxb4 h6 23. Nc3 Ra5 24. Rc4 f5 25. Rc7+ Kd6 26. Rf7 Kc6 27. Rd1 f4 28. Re7 h5 29. Ne4 Rd5 30. Rxd5 Kxd5 31. Nxg5 b5 32. Rc7 Rg8 33. Nf3 e5 34. Re7 Be6 35. c3 Kd6 36. Rb7 Bd5 37. Rb6+ Kc7 0-1


[Site "https://www.chess.com"]

[Event "Titled Tuesday Blitz February 15 Early 2022"]
[White "Gulatz, Maurice"]
[Black "Tuleyeva-Aketayeva, Dana"]
[WhiteFideId "24642746"]
[BlackFideId "13701932"]
[WhiteElo "2150"]
[BlackElo "1944"]
[Result "1-0"]
[Round "02"]
[TimeControl "180+1"]
[Date "2022.02.15"]
[WhiteClock "0:00:56"]
[BlackClock "0:00:01"]

1. d4 Nf6 2. c4 e6 3. Nf3 c5 4. d5 exd5 5. cxd5 d6 6. Nc3 g6 7. Nd2 Bg7 8. e4 O-O 9. Be2 Na6 10. O-O Nd7 11. f4 Nc7 12. Nc4 Nb6 13. Ne3 a6 14. a4 Re8 15. Bf3 f5 16. exf5 Bd4 17. Re1 Bxf5 18. Kh1 Qe7 19. Bd2 Bxe3 20. Rxe3 Qf7 21. Qb3 Rxe3 22. Bxe3 Re8 23. Bf2 Nca8 24. a5 Nc8 25. h3 Bd7 26. Qxb7 Qf5 27. Bg4 Qxf4 28. Qxd7 Rf8 29. Bg1 h5 30. Be6+ Kh8 31. Qc6 Ne7 32. Qxa6 Nc7 33. Qe2 Nxe6 34. dxe6 h4 35. Qg4 1-0


[Site "https://www.chess.com"]

[Event "Titled Tuesday Blitz February 15 Early 2022"]
[White "Guliev, Logman"]
[Black "Van den Dikkenberg, Erik"]
[WhiteFideId "13400061"]
[BlackFideId "1005880"]
[WhiteElo "2128"]
[BlackElo "2118"]
[Result "1-0"]
[Round "02"]
[TimeControl "180+1"]
[Date "2022.02.15"]
[WhiteClock "0:01:28"]
[BlackClock "0:00:16"]

1. b3 d5 2. Bb2 Bf5 3. Nf3 e6 4. g3 Nd7 5. Bg2 Ngf6 6. O-O c5 7. d3 Bd6 8. Nbd2 O-O 9. Qe1 e5 10. e4 dxe4 11. dxe4 Bg6 12. Nc4 Bc7 13. Nfxe5 Nxe5 14. Nxe5 Qe7 15. Nxg6 hxg6 16. e5 Ng4 17. Bxb7 Rab8 18. Bg2 Bxe5 19. Bxe5 Qxe5 20. Qxe5 Nxe5 21. Rfe1 f6 22. f4 Ng4 23. h3 Nh6 24. g4 Rfd8 25. Rad1 Kf8 26. c4 Nf7 27. Bd5 Nd6 28. Kf2 f5 29. Kf3 a5 30. Re6 a4 31. Rd3 axb3 32. axb3 g5 33. fxg5 fxg4+ 34. Kxg4 Nf7 35. Rf3 Rxd5 36. cxd5 Kg8 37. g6 Nh6+ 38. Kg5 Rd8 39. d6 Rc8 40. d7 Rd8 41. Re8+ Rxe8 42. dxe8=R# 1-0


[Site "https://www.chess.com"]